[Event "41st Amateur D7"]
[Site "ChessGUI4"]
[Date "2013.07.11"]
[Round "35.2"]
[White "Shallow 1.0 64-bit"]
[Black "ProChess 1.02AD"]
[Result "0-1"]
[BlackElo "2244"]
[ECO "A50"]
[EventDate "2013.??.??"]
[TimeControl "40/1500:40/1500:40/1500"]
[WhiteElo "2200"]

{ i5 Quad } 1.c4 Nf6 2.d4 c6 3.Bf4 d6 4.Nc3 Nbd7 5.Nf3 Qa5 6.Bd2 e5 7.e3 Qc7 8.Qc2 Be7 9.Bd3 Nb6
{ [%eval -28,12] [%emt 0:02: 02] (h6) } 10.c5
{ [%eval 21,14] [%emt 0:00:42] (Ne4) } 10...dxc5
{ [%eval -20,12] [%emt 0:00:42] (dxc5) } 11.dxe5
{ [%eval 18,14] [%emt 0:00:42] (Nxe5) } 11...Ng4
{ [%eval -3,12] [%emt 0:01:01] (Ng4) } 12.Bxh7
{ [%eval 18,13] [%emt 0:00:42] (Ne2) } 12...g6
{ [%eval 0,12] [%emt 0:00:41] (Nc4) } 13.Bxg6
{ [%eval 72,13] [%emt 0: 00:42] (Bxg6) } 13...fxg6
{ [%eval -10,12] [%emt 0:00:49] (fxg6) } 14.Qxg6+
{ [%eval 69,12] [%emt 0:00:42] (Qxg6) } 14...Kd8
{ [%eval -18,12] [%emt 0:00:58] (Kd8) } 15.Rd1
{ [%eval 133,13] [%emt 0:01:30] (Ne2) } 15...Nxe5
{ [%eval -99,12] [%emt 0:02:19] (Nxe5) } 16.Nxe5
{ [%eval 129,13] [%emt 0:00:41] (Nxe5) } 16...Qxe5
{ [%eval 11,13] [%emt 0:00:56] (Qxe5) } 17.Na4
{ [%eval 17,13] [%emt 0:00:41] (Na4) } 17...Nd5
{ [%eval 11,12] [%emt 0:00:35] (Nd5) } 18.Ba5+
{ [%eval 17,12] [%emt 0:00:41] (Ba5) } 18...Kd7
{ [%eval 11,12] [%emt 0:00:24] (Kd7) } 19.Bc3
{ [%eval 17,12] [%emt 0: 00:41] (Bc3) } 19...Qh5
{ [%eval 1,13] [%emt 0:00:35] (Qh5) } 20.Nxc5+
{ [%eval 26,12] [%emt 0:00:41] (Nxc5) } 20...Bxc5
{ [%eval -6,13] [%emt 0:00:24] (Bxc5) } 21.Qg7+
{ [%eval 25,12] [%emt 0:00:41] (Qg7) } 21...Kd6
{ [%eval 5,13] [%emt 0:00:29] (Kd6) } 22.Qxh8
{ [%eval 21,12] [%emt 0:00:41] (Qxh8) } 22...Qxh8
{ [%eval 20,15] [%emt 0:00:24] (Qxh8) } 23.Bxh8
{ [%eval -4,15] [%emt 0:00:41] (Bxh8) } 23...Bg4
{ [%eval 33,14] [%emt 0:00:19] (Bg4) } 24.f3
{ [%eval -30,14] [%emt 0:00:41] (f3) } 24...Rxh8
{ [%eval 48,13] [%emt 0:00:23] (Rxh8) } 25.fxg4
{ [%eval -43,13] [%emt 0:00:41] (fxg4) } 25...Re8
{ [%eval 55,13] [%emt 0:00:47] (Re8) } 26.Rd3
{ [%eval -45,13] [%emt 0:00:41] (Ke2) } 26...Rxe3+
{ [%eval 72,12] [%emt 0:00:18] (Kc7) } 27.Kd2
{ [%eval -35, 13] [%emt 0:00:41] (Kd2) } 27...Bb4+
{ [%eval 73,13] [%emt 0:00:33] (b5) } 28.Kc2
{ [%eval -30,13] [%emt 0:00:41] (Kc2) } 28...Re2+
{ [%eval 76,13] [%emt 0:00:26] (Re2) } 29.Kb1
{ [%eval -64,14] [%emt 0:00:41] (Kb3) } 29...Rxg2
{ [%eval 96,12] [%emt 0:00: 17] (Rxg2) } 30.a3
{ [%eval -70,14] [%emt 0:00:41] (Rg3) } 30...Bc5
{ [%eval 123,13] [%emt 0:00:21] (Bc5) } 31.h3
{ [%eval -67,13] [%emt 0:00:41] (Rg3) } 31...Bg1
{ [%eval 120,13] [%emt 0:00:25] (a5) } 32.Rd1
{ [%eval -66,13] [%emt 0:00:41] (Rd1) } 32...Bh2
{ [%eval 118,13] [%emt 0:00:27] (Bh2) } 33.Rc1
{ [%eval -68,14] [%emt 0:00:41] (Rc1) } 33...Be5
{ [%eval 123,13] [%emt 0:00:35] (Be5) } 34.Rc2
{ [%eval -73, 14] [%emt 0:00:41] (Rc2) } 34...Rg3
{ [%eval 125,12] [%emt 0:00:11] (Rg3) } 35.Rch2
{ [%eval -75,13] [%emt 0:00:41] (Rd2) } 35...c5
{ [%eval 131,13] [%emt 0:00:22] (b5) } 36.Ka2
{ [%eval -148,13] [%emt 0:00:49] (Rd2) } 36...Nf4
{ [%eval 157,13] [%emt 0:00: 30] (Nf4) } 37.Kb1
{ [%eval -153,13] [%emt 0:00:39] (a4) } 37...c4
{ [%eval 171,12] [%emt 0:00:11] (b6) } 38.Ka2
{ [%eval -170,13] [%emt 0:00:39] (Ka2) } 38...Ke6
{ [%eval 201,12] [%emt 0:00:20] (b5) } 39.Rc2
{ [%eval -165,14] [%emt 0:00:39] (Rc2) } 39...b5
{ [%eval 203,12] [%emt 0:00:23] (b5) } 40.h4
{ [%eval -170,14] [%emt 0: 00:39] (h4) } 40...Rxg4
{ [%eval 200,12] [%emt 0:00:10] (Rxg4) } 41.h5
{ [%eval -164, 14] [%emt 0:00:37] (h5) } 41...Rg7
{ [%eval 195,13] [%emt 0:00:58] (Rg7) } 42.h6
{ [%eval -162,14] [%emt 0:00:37] (h6) } 42...Rh7
{ [%eval 195,14] [%emt 0:01:00] (Rh7) } 43.b3
{ [%eval -162,13] [%emt 0:00:37] (Kb1) } 43...c3
{ [%eval 208,14] [%emt 0:01:54] (Nd5) } 44.b4
{ [%eval -159,14] [%emt 0:00:37] (Kb1) } 44...Kd5
{ [%eval 210,13] [%emt 0:00:49] (a6) } 45.Rch2
{ [%eval -160,13] [%emt 0:00:37] (Kb3) } 45...Ne6
{ [%eval 206, 13] [%emt 0:01:16] (Kc4) } 46.Rh5
{ [%eval -192,13] [%emt 0:00:37] (Rc2) } 46...c2
{ [%eval 253,14] [%emt 0:00:39] (c2) } 47.Re1
{ [%eval -202,14] [%emt 0:00:37] (Re1) } 47...Kd4
{ [%eval 263,14] [%emt 0:00:38] (Kd4) } 48.Kb3
{ [%eval -209,14] [%emt 0:00:37] (Kb2) } 48...Nf4
{ [%eval 263,15] [%emt 0:01:02] (Nf4) } 49.Rhxe5
{ [%eval -225,15] [%emt 0:00:37] (Rhxe5) } 49...c1=Q
{ [%eval 263,16] [%emt 0:01:16] (c1=Q) } 50.R5e4+
{ [%eval -225,16] [%emt 0:00:37] (Rxc1) } 50...Kd3
{ [%eval 287,17] [%emt 0:00:43] (Kd3) } 51.Rxc1
{ [%eval -232,16] [%emt 0:00:37] (Rxc1) } 51...Kxe4
{ [%eval 283,17] [%emt 0:02:52] (Kxe4) } 52.Rc6
{ [%eval -233,15] [%emt 0:00:37] (Rh1) } 52...Ne2
{ [%eval 291,17] [%emt 0:00:42] (Nd5) } 53.Re6+
{ [%eval -235,16] [%emt 0:00:37] (Ra6) } 53...Kd3
{ [%eval 293,17] [%emt 0:01:29] (Kd3) } 54.Kb2
{ [%eval -235,16] [%emt 0:00:37] (Rf6) } 54...Rc7
{ [%eval 297,18] [%emt 0:07:31] (Nd4) } 55.Rd6+
{ [%eval -276,14] [%emt 0:00:37] (Rd6) } 55...Nd4
{ [%eval 348,18] [%emt 0:00: 45] (Nd4) } 56.Kb1
{ [%eval -277,15] [%emt 0:00:37] (Kb1) } 56...Rf7
{ [%eval 381,17] [%emt 0:01:47] (Rf7) } 57.Rd8
{ [%eval -386,15] [%emt 0:00:37] (Rd5) } 57...Kc3
{ [%eval 395,16] [%emt 0:00:16] (Kc3) } 58.Re8
{ [%eval -403,15] [%emt 0:00:37] (Re8) } 58...Rf1+
{ [%eval 411,17] [%emt 0:00:08] (Rf1) } 59.Ka2
{ [%eval -401,15] [%emt 0:00:37] (Ka2) } 59...Rf2+
{ [%eval 411,17] [%emt 0:00:10] (Rf2) } 60.Kb1
{ [%eval -412,15] [%emt 0:00:37] (Kb1) } 60...Nc2
{ [%eval 431,16] [%emt 0:00:23] (Nc2) } 61.Rc8+
{ [%eval -434,15] [%emt 0:00:37] (Rc8) } 61...Kb3
{ [%eval 427,16] [%emt 0:00: 12] (Kb3) } 62.Kc1
{ [%eval -439,15] [%emt 0:00:37] (Kc1) } 62...Rh2
{ [%eval 436,16] [%emt 0:00:09] (Rh2) } 63.Rc5
{ [%eval -439,13] [%emt 0:00:37] (Rc7) } 63...Nxa3
{ [%eval 446,14] [%emt 0:00:09] (Rxh6) } 64.Rc6
{ [%eval -461,14] [%emt 0:00:37] (Rc6) } 64...Kxb4
{ [%eval 466,14] [%emt 0:00:06] (Nc4) } 65.Re6
{ [%eval -454,12] [%emt 0:00:37] (Ra6) } 65...Nc4
{ [%eval 479,13] [%emt 0:00:06] (Nc4) } 66.Kd1
{ [%eval -463,12] [%emt 0:00:37] (Rf6) } 66...Kc3
{ [%eval 577,14] [%emt 0:00:07] (Kc3) } 67.Rc6
{ [%eval -479,11] [%emt 0:00:37] (Rf6) } 67...b4
{ [%eval 961,14] [%emt 0:00: 05] (a5) } 68.Rc7
{ [%eval -852,12] [%emt 0:00:37] (Rc5) } 68...b3
{ [%eval 1503,14] [%emt 0:00:08] (b3) } 69.Rb7
{ [%eval -950,9] [%emt 0:00:37] (Rb7) } 69...b2
{ [%eval -31786,14] [%emt 0:00:20] (b2) } 70.Rb5
{ [%eval 30783,10] [%emt 0:00:49] (h7) } 0-1

[Event "41st Amateur D7"]
[Site "ChessGUI4"]
[Date "2013.07.11"]
[Round "35.3"]
[White "ChessKiss 1.7 64-bit"]
[Black "Waxman 2011"]
[Result "0-1"]
[BlackElo "2256"]
[ECO "C43"]
[EventDate "2013.??.??"]
[TimeControl "40/1500:40/1500:40/1500"]
[WhiteElo "2214"]

{ i5 Quad } 1.e4 e5 2.Nf3 Nf6 3.d4 Nxe4 4.Bd3 d5 5.Nxe5 Bd6 6.O-O O-O 7.c4 Bxe5 8.dxe5 Nc6 9.cxd5 Qxd5 { [%eval 38,11] [%emt 0:00:13] (Qxd5) } 10.Qf3
{ [%eval 3,13] [%emt 0:00:39] (Qf3) } 10...Bf5
{ [%eval 44,13] [%emt 0:01:04] (Bf5) } 11.Nc3
{ [%eval -46,12] [%emt 0:00:41] (Nc3) } 11...Nxc3
{ [%eval 48,13] [%emt 0:00:49] (Nxc3) } 12.Qxf5
{ [%eval -41,14] [%emt 0:00:36] (Qxd5) } 12...g6
{ [%eval 41,13] [%emt 0:00:36] (g6) } 13.Qf6
{ [%eval -44,13] [%emt 0:00:39] (Qf6) } 13...Qxe5
{ [%eval 35,13] [%emt 0:00:41] (Qxe5) } 14.Bg5
{ [%eval -52,13] [%emt 0:00:37] (Bg5) } 14...Qxf6
{ [%eval 20,14] [%emt 0:00:48] (Qxf6) } 15.Bxf6
{ [%eval -65,15] [%emt 0:00:36] (Bxf6) } 15...Nd5
{ [%eval 58,13] [%emt 0:00:12] (Nd5) } 16.Bg5
{ [%eval -72,14] [%emt 0:00:35] (Bg5) } 16...Rfe8
{ [%eval 55,13] [%emt 0:00:37] (f6) } 17.Rae1
{ [%eval -64,12] [%emt 0:00:34] (Rad1) } 17...Ncb4
{ [%eval 52,14] [%emt 0:00:40] (Ncb4) } 18.Bb1
{ [%eval -79,14] [%emt 0:00:33] (Be4) } 18...Kg7
{ [%eval 64,13] [%emt 0:00:52] (Kg7) } 19.a3
{ [%eval -75,12] [%emt 0:00:32] (f3) } 19...f6
{ [%eval 58,13] [%emt 0:00:31] (h6) } 20.Bc1
{ [%eval -72,14] [%emt 0:00:31] (Bh4) } 20...Na6
{ [%eval 53,14] [%emt 0:00:31] (Na6) } 21.Ba2
{ [%eval -73,13] [%emt 0:00:31] (Rxe8) } 21...c6
{ [%eval 56,15] [%emt 0:00:39] (c6) } 22.b4
{ [%eval -87,13] [%emt 0:00:29] (Bxd5) } 22...Nac7
{ [%eval 82,13] [%emt 0:00:30] (Re5) } 23.Bb2
{ [%eval -101,13] [%emt 0:00:30] (Rxe8) } 23...Rad8
{ [%eval 84,13] [%emt 0:00:39] (Rxe1) } 24.Bc4
{ [%eval -69,11] [%emt 0:00:28] (Bb3) } 24...Nb6
{ [%eval 79,14] [%emt 0:00:47] (Nb6) } 25.Rxe8
{ [%eval -126,14] [%emt 0:00:29] (Bb3) } 25...Nxe8
{ [%eval 86,14] [%emt 0:00:33] (Nxe8) } 26.Bb3
{ [%eval -140,15] [%emt 0:00:26] (Bb3) } 26...Rd3
{ [%eval 92,14] [%emt 0:00:34] (Rd3) } 27.Bd1
{ [%eval -130,15] [%emt 0:00:26] (Bd1) } 27...Nd6
{ [%eval 134,15] [%emt 0:00:40] (Nc4) } 28.Re1
{ [%eval -116,13] [%emt 0:00:25] (Re1) } 28...Ndc4
{ [%eval 133,16] [%emt 0:01: 10] (Rd2) } 29.Be2
{ [%eval -199,14] [%emt 0:00:23] (Be2) } 29...Rb3
{ [%eval 110,16] [%emt 0:00:52] (Rb3) } 30.Bxc4
{ [%eval -214,14] [%emt 0:00:23] (Bxc4) } 30...Nxc4
{ [%eval 108,16] [%emt 0:00:47] (Nxc4) } 31.Bd4
{ [%eval -231,15] [%emt 0:00:24] (Bd4) } 31...Kf7
{ [%eval 146,15] [%emt 0:00:57] (Kf7) } 32.Bxa7
{ [%eval -240,15] [%emt 0:00:24] (h3) } 32...Rxa3
{ [%eval 165,16] [%emt 0:00:42] (Rxa3) } 33.Bd4
{ [%eval -283,16] [%emt 0:00:21] (Bd4) } 33...Rb3
{ [%eval 169,16] [%emt 0:00:49] (Rb3) } 34.Bc5
{ [%eval -292,15] [%emt 0:00:21] (f3) } 34...b6
{ [%eval 139,16] [%emt 0:00:41] (b6) } 35.Re7+
{ [%eval -286,17] [%emt 0:00:18] (Re7) } 35...Kg8
{ [%eval 135,18] [%emt 0:01:02] (Kg8) } 36.Re8+
{ [%eval -315,17] [%emt 0:00:19] (Re8) } 36...Kg7
{ [%eval 149,17] [%emt 0:00:23] (Kg7) } 37.Re7+
{ [%eval -336,17] [%emt 0:00:18] (Re7) } 37...Kh6
{ [%eval 154,18] [%emt 0:00:52] (Kh6) } 38.Be3+
{ [%eval -343,16] [%emt 0:00:19] (Be3) } 38...Nxe3
{ [%eval 172,17] [%emt 0:00:21] (Nxe3) } 39.fxe3
{ [%eval -307,17] [%emt 0:00:18] (fxe3) } 39...Rxb4
{ [%eval 188,19] [%emt 0:00:45] (Rxb4) } 40.Re6
{ [%eval -329,16] [%emt 0:00:17] (Re6) } 40...f5
{ [%eval 194,19] [%emt 0:00:37] (c5) } 41.Rxc6
{ [%eval -282,18] [%emt 0:00:59] (Rxc6) } 41...Rb2
{ [%eval 204,19] [%emt 0:00:53] (Rb2) } 42.h3
{ [%eval -293,18] [%emt 0:00:57] (g3) } 42...b5
{ [%eval 193,18] [%emt 0:00:16] (b5) } 43.Rb6
{ [%eval -301,17] [%emt 0: 00:50] (Rb6) } 43...b4
{ [%eval 197,19] [%emt 0:00:28] (b4) } 44.Rb5
{ [%eval -285,17] [%emt 0:00:55] (Kf1) } 44...b3
{ [%eval 197,17] [%emt 0:00:11] (b3) } 45.Kf1
{ [%eval -268,18] [%emt 0:00:53] (Kf1) } 45...Kg7
{ [%eval 186,16] [%emt 0:00:22] (Kg7) } 46.Rb6
{ [%eval -294,16] [%emt 0:00:52] (g3) } 46...Kf7
{ [%eval 185,16] [%emt 0:00:33] (Rb1) } 47.g3
{ [%eval -297,16] [%emt 0:00:50] (Ke1) } 47...Kg7
{ [%eval 186,18] [%emt 0:00:45] (h5) } 48.Rb5
{ [%eval -318,17] [%emt 0:00:50] (Rb4) } 48...Kf6
{ [%eval 195, 17] [%emt 0:00:28] (Rb1) } 49.g4
{ [%eval -270,15] [%emt 0:00:47] (Rb4) } 49...fxg4
{ [%eval 226,18] [%emt 0:00:33] (fxg4) } 50.hxg4
{ [%eval -330,17] [%emt 0:00:46] (hxg4) } 50...h5
{ [%eval 297,18] [%emt 0:00:34] (Rb1) } 51.gxh5
{ [%eval -479,15] [%emt 0:00:45] (gxh5) } 51...gxh5
{ [%eval 322,18] [%emt 0:00:16] (gxh5) } 52.Rb4
{ [%eval -548,17] [%emt 0:00:43] (Rb6) } 52...h4
{ [%eval 445,15] [%emt 0:00:35] (Rb1) } 53.Rxh4
{ [%eval -549,16] [%emt 0:00:42] (Rxh4) } 53...Rc2
{ [%eval 450,16] [%emt 0: 00:39] (Rc2) } 54.Rh6+
{ [%eval -1660,17] [%emt 0:00:41] (Rh6) } 54...Kf5
{ [%eval 725, 16] [%emt 0:00:26] (Ke5) } 55.e4+
{ [%eval -1680,18] [%emt 0:00:39] (Rh4) } 55...Kf4
{ [%eval 746,17] [%emt 0:00:35] (Kf4) } 56.Rh4+
{ [%eval -1680,18] [%emt 0:00:38] (Rh4) } 56...Kg3
{ [%eval 746,16] [%emt 0:00:24] (Kg3) } 57.Rh7
{ [%eval -1690,18] [%emt 0:00:37] (Rh8) } 57...b2
{ [%eval 748,16] [%emt 0:00:46] (b2) } 0-1

[Event "41st Amateur D7"]
[Site "ChessGUI4"]
[Date "2013.07.12"]
[Round "35.4"]
[White "FireFly 2.6.0 64-bit"]
[Black "Gibbon 2.57a 64-bit"]
[Result "0-1"]
[BlackElo "2251"]
[ECO "E38"]
[EventDate "2013.??.??"]
[TimeControl "40/1500:40/1500:40/1500"]
[WhiteElo "2258"]

{ i5 Quad } 1.d4 Nf6 2.c4 e6 3.Nc3 Bb4 4.Qc2 c5 5.dxc5 Qc7 6.Nf3 a6 7.e3 Bxc5 8.b3 Be7 9.Bb2 Nc6
{ [%eval -30,14] [%emt 0:01:28] (Nc6) } 10.a3
{ [%eval 50,11] [%emt 0:00:56] (Rd1) } 10...O-O
{ [%eval -23,13] [%emt 0:00:32] (d5) } 11.Bd3
{ [%eval 64,11] [%emt 0:00:55] (Be2) } 11...b6
{ [%eval -23,13] [%emt 0:00:41] (g6) } 12.O-O
{ [%eval 93,11] [%emt 0:00:55] (Na4) } 12...Bb7
{ [%eval -25,12] [%emt 0:00:46] (g6) } 13.Na4
{ [%eval 97,11] [%emt 0:00: 54] (Na4) } 13...d6
{ [%eval -23,12] [%emt 0:01:26] (Na5) } 14.Nc3
{ [%eval 33,11] [%emt 0:00:53] (Rad1) } 14...Ne5
{ [%eval -10,13] [%emt 0:00:56] (Ne5) } 15.Nxe5
{ [%eval 13,12] [%emt 0:00:52] (Nxe5) } 15...dxe5
{ [%eval -9,13] [%emt 0:00:13] (dxe5) } 16.Rad1
{ [%eval 13,11] [%emt 0:00:52] (Ne4) } 16...Rfd8
{ [%eval -8,12] [%emt 0:00: 17] (Rac8) } 17.Rfe1
{ [%eval 1,10] [%emt 0:00:51] (Ne4) } 17...Rd7
{ [%eval -5,12] [%emt 0:00:19] (Bd6) } 18.Ne4
{ [%eval 6,12] [%emt 0:00:50] (Be2) } 18...Bxe4
{ [%eval 2,14] [%emt 0:00:43] (Bxe4) } 19.Bxe4
{ [%eval 15,13] [%emt 0:00:41] (Bxe4) } 19...Nxe4
{ [%eval 5,15] [%emt 0:00:43] (Rxd1) } 20.Qxe4
{ [%eval 34,13] [%emt 0:00:40] (Qxe4) } 20...Rad8
{ [%eval 14,15] [%emt 0:00:57] (Rad8) } 21.Rxd7
{ [%eval 22,13] [%emt 0:00:40] (Rxd7) } 21...Qxd7
{ [%eval 12,15] [%emt 0:00:32] (Qxd7) } 22.Bxe5
{ [%eval 18,12] [%emt 0:00:40] (Bxe5) } 22...Bxa3
{ [%eval 10,14] [%emt 0:00: 27] (Bxa3) } 23.Qg4
{ [%eval 14,12] [%emt 0:00:31] (Qd4) } 23...Bf8
{ [%eval 10,14] [%emt 0:00:10] (f5) } 24.Bd4
{ [%eval 28,11] [%emt 0:00:31] (Qd4) } 24...Qd6
{ [%eval 13,13] [%emt 0:00:12] (f5) } 25.Qe4
{ [%eval 12,11] [%emt 0:00:31] (Qe4) } 25...Qb4
{ [%eval 12,13] [%emt 0:00:12] (a5) } 26.Rb1
{ [%eval 19,11] [%emt 0:00:31] (Qb1) } 26...Bc5
{ [%eval 10,13] [%emt 0:00:18] (Bc5) } 27.Qh4
{ [%eval 0,12] [%emt 0:00:31] (Qh4) } 27...Rd7
{ [%eval 0,14] [%emt 0:00:22] (f6) } 28.Qg3
{ [%eval 0,12] [%emt 0:00: 31] (Qg3) } 28...Bxd4
{ [%eval 0,14] [%emt 0:00:11] (Bxd4) } 29.exd4
{ [%eval 5,12] [%emt 0:00:31] (exd4) } 29...h6
{ [%eval 0,14] [%emt 0:00:13] (h6) } 30.Qe3
{ [%eval 3, 12] [%emt 0:00:31] (Qd3) } 30...b5
{ [%eval 2,14] [%emt 0:00:44] (b5) } 31.Rc1
{ [%eval -15,12] [%emt 0:00:31] (Rc1) } 31...bxc4
{ [%eval 15,14] [%emt 0:00:23] (a5) } 32.bxc4
{ [%eval -14,12] [%emt 0:00:31] (bxc4) } 32...Rd8
{ [%eval 14,14] [%emt 0:00: 10] (Qb2) } 33.c5
{ [%eval 16,12] [%emt 0:00:31] (Qd3) } 33...Rxd4
{ [%eval 6,15] [%emt 0:00:15] (Rxd4) } 34.c6
{ [%eval -1,12] [%emt 0:00:31] (c6) } 34...Rd8
{ [%eval 0,15] [%emt 0:00:13] (Rd8) } 35.h3
{ [%eval 16,11] [%emt 0:00:31] (c7) } 35...a5
{ [%eval 0,15] [%emt 0:00:16] (a5) } 36.g3
{ [%eval -6,11] [%emt 0:00:31] (c7) } 36...a4
{ [%eval 22,15] [%emt 0:00:14] (a4) } 37.Qa7
{ [%eval -31,12] [%emt 0:00:31] (c7) } 37...Qb2
{ [%eval 72,14] [%emt 0:00:12] (a3) } 38.Rc4
{ [%eval -2,12] [%emt 0:00:31] (Qc5) } 38...Rd1+
{ [%eval 0,14] [%emt 0:00:38] (Rd1) } 39.Kh2
{ [%eval 0,12] [%emt 0: 00:31] (Kh2) } 39...Qe2
{ [%eval 240,15] [%emt 0:00:23] (Qe2) } 40.Qa8+
{ [%eval 0,12] [%emt 0:00:32] (Qa8) } 40...Kh7
{ [%eval 237,17] [%emt 0:00:11] (Kh7) } 41.c7
{ [%eval -500,13] [%emt 0:00:52] (c7) } 41...Qf1
{ [%eval 266,17] [%emt 0:01:13] (Qf1) } 42.h4
{ [%eval -452,13] [%emt 0:00:36] (h4) } 42...Qg1+
{ [%eval 255,16] [%emt 0:01: 24] (Qg1) } 43.Kh3
{ [%eval -452,13] [%emt 0:00:00] (Kh3) } 43...Rd5 44.Qg8+
{ [%eval -484,13] [%emt 0:00:37] (Qxd5) } 44...Kxg8
{ [%eval 540,16] [%emt 0:00:26] (Kxg8) } 45.c8=Q+
{ [%eval -384,13] [%emt 0:00:37] (c8=Q) } 45...Kh7
{ [%eval 559,16] [%emt 0:01:55] (Kh7) } 46.Rc1
{ [%eval -492,14] [%emt 0: 00:37] (Rc1) } 46...Qxf2
{ [%eval 605,16] [%emt 0:01:37] (Qxf2) } 47.Qc2+
{ [%eval -516,13] [%emt 0:00:37] (Rc2) } 47...Qxc2
{ [%eval 633,17] [%emt 0:00:28] (Qxc2) } 48.Rxc2
{ [%eval -509,15] [%emt 0:00:37] (Rxc2) } 48...a3
{ [%eval 644,18] [%emt 0:00:42] (Kg6) } 49.Kg4
{ [%eval -508,14] [%emt 0:00:37] (Kg4) } 0-1